Map: Romanticide LE

Players

Azura

  • Race: Protoss Protoss
  • League: Master

Iba - Winner!

  • Race: Zerg Zerg
  • League: Master

VOD

Have the link to the VOD?

Description

Time

  • Played on: Aug. 6, 2021, 6:19 a.m.
  • Length: 30:59
Show
View Real Time Build Order
Export as new Build Order

Azura Protoss 

Build Orders: 1 Gate Expand, Oracle Opening, Carriers 

Get SALT Encoding   

  12  0:00  Probe  
  13  0:12  Probe  
  14  0:17  Pylon  
  14  0:24  Probe  
  14  0:25  Pylon  
  15  0:43  Probe (Chrono Boost), Gateway  
  15  0:46  Assimilator  
  16  0:53  Probe (Chrono Boost)  
  17  0:58  Probe (Chrono Boost)  
  18  1:09  Probe  
  19  1:21  Probe  
  20  1:29  Nexus  
  20  1:38  Cybernetics Core  
  20  1:40  Probe  
  21  1:47  Assimilator  
  21  1:53  Probe  
  22  1:57  Pylon  
  22  2:04  Probe  
  23  2:12  Probe  
  23  2:13  Adept (Chrono Boost)  
  25  2:20  Probe  
  26  2:26  Stargate  
  27  2:32  Probe (Chrono Boost)  
  27  2:35  Warp Gate  
  28  2:40  Adept  
  28  2:42  Probe (Chrono Boost)  
  32  2:49  Probe (Chrono Boost)  
  32  2:51  Probe (Chrono Boost)  
  33  2:56  Probe x2 (Chrono Boost)  
  35  3:01  Gateway  
  35  3:03  Void Ray (Chrono Boost)  
  35  3:07  Probe  
  35  3:08  Probe  
  41  3:19  Pylon  
  42  3:20  Probe  
  42  3:21  Probe  
  43  3:32  Probe  
  43  3:33  Probe  
  45  3:39  Oracle  
  48  3:48  Nexus  
  48  3:50  Probe x2  
  48  3:54  Pylon  
  50  4:00  Assimilator  
  50  4:02  Probe, Assimilator  
  51  4:03  Probe  
  52  4:14  Probe  
  52  4:15  Probe, Stargate  
  54  4:19  Forge  
  54  4:26  Pylon  
  54  4:27  Probe x2  
  56  4:37  Void Ray (Chrono Boost)  
  54  4:38  Protoss Ground Weapons Level 1 (Chrono Boost)  
  54  4:39  Probe x2 (Chrono Boost)  
  60  4:49  Twilight Council  
  60  4:50  Probe x2 (Chrono Boost)  
  62  4:54  Probe x2 (Chrono Boost)  
  64  5:03  Void Ray (Chrono Boost)  
  64  5:05  Probe x2  
  70  5:08  Probe  
  70  5:12  Shield Battery  
  71  5:17  Probe x2  
  71  5:19  Void Ray (Chrono Boost)  
  71  5:20  Probe  
  78  5:29  Protoss Air Weapons Level 1 (Chrono Boost), Probe x2  
  78  5:31  Charge (Chrono Boost)  
  78  5:32  Probe  
  78  5:33  Assimilator  
  81  5:37  Assimilator  
  81  5:41  Probe  
  81  5:42  Probe  
  83  5:44  Probe  
  84  5:52  Pylon  
  84  5:53  Probe, Pylon  
  84  5:55  Templar Archives  
  85  6:02  Pylon  
  85  6:08  Nexus  
  85  6:10  Probe x3, Pylon  
  88  6:18  Gateway x2  
  88  6:20  Gateway  
  88  6:21  Gateway  
  88  6:22  Probe  
  88  6:24  Gateway  
  88  6:25  Gateway  
  89  6:27  Probe  
  89  6:30  Probe  
  89  6:31  Psionic Storm  
  91  6:33  Photon Cannon  
  91  6:35  Photon Cannon  
  91  6:39  Shield Battery  
  91  6:41  Probe  
  91  6:43  High Templar x2  
  91  6:45  Probe  
  98  6:47  Probe  
  98  6:52  Photon Cannon  
  98  6:53  Probe  
  99  6:58  Probe  
  99  6:59  Probe  
  101  7:03  Fleet Beacon  
  101  7:05  Probe  
  101  7:06  Stargate  
  102  7:10  Probe  
  102  7:11  Probe  
  102  7:13  Protoss Shields Level 1 (Chrono Boost)  
  102  7:15  Photon Cannon  
  104  7:16  Shield Battery  
  104  7:17  Probe  
  104  7:22  Probe, Robotics Facility  
  106  7:23  Probe, Robotics Facility  
  106  7:25  Probe  
  106  7:28  Pylon  
  106  7:29  Probe  
  109  7:34  Probe  
  109  7:35  Probe  
  111  7:37  Probe  
  111  7:39  Assimilator  
  111  7:40  High Templar  
  111  7:41  Probe, High Templar  
  111  7:42  Assimilator  
  117  7:46  Probe  
  117  7:47  Probe  
  119  7:53  Carrier (Chrono Boost)  
  124  8:02  Carrier (Chrono Boost)  
  124  8:07  Protoss Air Weapons Level 2 (Chrono Boost)  
  124  8:08  Nexus  
  124  8:10  Pylon  
  124  8:12  Assimilator  
  130  8:15  Assimilator  
  130  8:20  Pylon  
  130  8:27  Photon Cannon  
  130  8:29  Shield Battery  
  136  8:35  Zealot x6  
  148  8:42  Carrier (Chrono Boost)  
  148  8:43  Blink  
  148  8:44  Carrier (Chrono Boost)  
  148  8:45  Flux Vanes, Pylon  
  154  8:55  Robotics Bay  
  154  9:06  Pylon  
  154  9:08  Pylon  
  154  9:09  Protoss Shields Level 2  
  154  9:15  Photon Cannon, Carrier (Chrono Boost)  
  154  9:17  Photon Cannon  
  154  9:19  Photon Cannon  
  154  9:20  Photon Cannon  
  154  9:22  Shield Battery  
  154  9:23  Shield Battery  
  160  9:24  Shield Battery  
  160  9:27  Shield Battery  
  160  9:28  Photon Cannon, Probe  
  161  9:31  Shield Battery  
  161  9:39  Disruptor x2 (Chrono Boost)  
  167  9:57  Gravitic Drive  
  167  10:08  Colossus, Disruptor  
  167  10:11  Nexus  
  182  10:14  Assimilator  
  182  10:16  Assimilator  
  182  10:17  Carrier (Chrono Boost)  
  182  10:18  Pylon  
  182  10:19  Carrier (Chrono Boost)  
  188  10:25  Gateway  
  188  10:26  Gateway  
  188  10:28  Gateway  
  188  10:29  Gateway  
  188  10:30  Gateway  
  188  10:31  Gateway  
  188  10:43  Protoss Air Weapons Level 3 (Chrono Boost)  
  188  10:44  High Templar  
  188  10:45  High Templar  
  188  10:49  Archon x3  
  198  10:53  High Templar  
  194  11:19  High Templar x2  
  194  11:20  High Templar  
  200  11:32  Observer  
  196  11:33  Observer, Pylon  
  196  11:34  Protoss Shields Level 3 (Chrono Boost), Stargate  
  196  11:36  Stargate  
  196  11:38  Pylon  
  198  11:46  Dark Shrine  
  190  12:00  Gravitic Boosters (Chrono Boost)  
  190  12:11  High Templar x3  
  190  12:12  Photon Cannon  
  190  12:14  Photon Cannon x2, Shield Battery x2  
  190  12:15  Archon  
  196  12:17  Photon Cannon, Shield Battery x2  
  196  12:19  Shield Battery  
  196  12:24  Photon Cannon  
  196  12:31  Gateway  
  196  12:32  Gateway  
  196  12:33  Gateway  
  196  12:37  Gateway  
  196  12:38  Pylon  
  196  12:53  Nexus  
  196  12:54  Pylon  
  196  12:55  Shadow Stride (Chrono Boost)  
  196  13:09  Pylon  
  196  13:10  Pylon  
  196  13:21  Unknown  
  196  13:31  Immortal (Chrono Boost)  
  196  13:33  Nexus  
  196  13:36  Unknown  
  196  13:39  Pylon  
  196  13:40  Forge  
  200  13:55  Photon Cannon  
  200  13:56  Photon Cannon  
  200  13:58  Photon Cannon  
  200  14:00  Shield Battery x2  
  200  14:02  Photon Cannon  
  200  14:04  Shield Battery  
  200  14:05  Shield Battery x3  
  200  14:08  Pylon  
  200  14:10  Photon Cannon  
  200  14:14  Protoss Ground Armor Level 1 (Chrono Boost)  
  200  14:20  Protoss Ground Weapons Level 2 (Chrono Boost)  
  200  14:41  Pylon  
  200  14:45  Protoss Air Armor Level 1 (Chrono Boost)  
  200  15:05  Photon Cannon  
  200  15:06  Photon Cannon  
  200  15:07  Photon Cannon  
  200  15:09  Shield Battery  
  200  15:10  Shield Battery  
  200  15:11  Shield Battery x2  
  200  15:27  Assimilator  
  200  15:29  Assimilator  
  200  16:04  High Templar x3  
  198  16:12  High Templar  
  200  17:37  Protoss Air Armor Level 2 (Chrono Boost)  
  200  18:06  Pylon  
  197  18:13  Disruptor  
  197  18:35  Disruptor  
  200  18:59  Oracle  
  192  19:39  Dark Templar x3  
  192  19:40  Dark Templar  
  194  20:38  Mothership (Chrono Boost)  
  200  20:56  Protoss Ground Weapons Level 3 (Chrono Boost)  
  200  20:58  Protoss Ground Armor Level 2 (Chrono Boost)  
  200  21:10  Dark Templar  
  200  21:12  Protoss Air Armor Level 3 (Chrono Boost)  
  196  21:54  Dark Templar x2  
  198  23:08  Oracle  
  186  23:16  Mothership (Chrono Boost)  
  194  23:27  Tempest  
  199  24:27  Observer  
  160  27:01  High Templar x4  
  151  27:12  Zealot x10  
  171  27:22  Dark Templar x3  
  173  27:26  Tempest x4 (Chrono Boost)  
  173  27:28  Tempest (Chrono Boost)  
  187  27:49  Pylon  
  185  27:54  Photon Cannon  
  185  27:56  Photon Cannon  
  185  27:57  Shield Battery  
  174  28:05  Tempest (Chrono Boost)  
  174  28:06  Oracle (Chrono Boost), Tempest (Chrono Boost)  
  174  28:10  Photon Cannon  
  174  28:12  Photon Cannon  
  187  28:13  Photon Cannon  
  187  28:15  Shield Battery  
  180  28:29  Oracle  
  186  28:35  Void Ray  
  186  28:36  Void Ray x3  
  189  29:04  Nexus  
  189  29:05  Pylon  
  189  29:16  Void Ray x2  
  182  29:37  Stalker x10  
  182  29:38  Stalker x8  
  107  29:53  Void Ray  
  107  29:55  Void Ray x4  
  98  30:06  Stalker x7  
  100  30:07  Stalker x5  
  100  30:08  Stalker x4  
  100  30:09  Stalker x2  
  114  30:18  Disruptor  
  111  30:34  High Templar x6  
  111  30:35  High Templar x2  
  127  30:41  Archon  
  127  30:42  Archon  
  132  30:50  Zealot x5  
  132  30:51  Zealot x5  
Show
View Real Time Build Order
Export as new Build Order

Iba Zerg - Winner!

Build Orders: Hatch First 

Get SALT Encoding   

  12  0:00  Drone  
  13  0:15  Overlord  
  13  0:17  Drone  
  14  0:35  Drone x2  
  16  0:50  Hatchery  
  16  0:51  Drone  
  16  0:55  Drone  
  17  1:00  Drone  
  18  1:09  Extractor  
  17  1:14  Spawning Pool  
  17  1:17  Drone  
  17  1:25  Drone  
  18  1:31  Drone  
  19  1:45  Drone  
  20  1:54  Overlord  
  20  2:02  Queen x2  
  20  2:04  Zergling x4  
  26  2:12  Drone  
  26  2:15  Drone, Metabolic Boost  
  28  2:24  Drone  
  28  2:25  Drone  
  30  2:37  Hatchery  
  29  2:39  Drone  
  30  2:44  Drone  
  30  2:45  Drone  
  32  2:53  Overlord  
  32  2:56  Queen  
  34  3:02  Drone x2  
  36  3:12  Queen  
  38  3:13  Drone x2  
  38  3:15  Drone  
  38  3:18  Zergling x4  
  43  3:20  Drone  
  43  3:26  Overlord  
  44  3:43  Queen  
  44  3:44  Drone x6  
  44  3:48  Overlord  
  52  4:00  Spore Crawler  
  51  4:05  Queen  
  51  4:07  Drone x5  
  58  4:14  Overlord  
  58  4:23  Roach Warren  
  57  4:25  Overlord  
  57  4:27  Drone  
  58  4:34  Drone x8  
  63  4:39  Lair  
  63  4:43  Extractor  
  63  4:44  Extractor  
  63  4:45  Zergling x4  
  63  4:46  Drone  
  63  4:47  Drone  
  65  4:53  Drone x4  
  65  4:57  Pneumatized Carapace  
  65  4:59  Drone  
  70  5:00  Drone x4  
  74  5:10  Overlord  
  74  5:18  Hatchery  
  74  5:20  Overlord, Extractor x2  
  71  5:23  Overlord x2  
  71  5:29  Drone  
  71  5:30  Drone x3  
  71  5:31  Evolution Chamber, Extractor  
  71  5:35  Overlord  
  73  5:38  Queen  
  73  5:39  Queen  
  73  5:40  Drone  
  73  5:41  Drone x3  
  73  5:42  Infestation Pit, Overseer  
  80  5:49  Drone x4  
  84  5:52  Spore Crawler  
  84  5:53  Drone  
  84  5:54  Drone x5  
  84  5:56  Drone  
  91  5:57  Drone  
  91  6:05  Drone  
  91  6:10  Drone x6  
  98  6:12  Queen  
  98  6:15  Drone  
  98  6:16  Spire  
  98  6:22  Glial Reconstitution  
  98  6:23  Zerg Missile Weapons Level 1  
  98  6:24  Drone  
  99  6:25  Evolution Chamber  
  99  6:26  Pathogen Glands  
  99  6:30  Queen  
  99  6:37  Drone x3  
  99  6:39  Spore Crawler  
  101  6:40  Spore Crawler  
  101  6:41  Spore Crawler  
  101  6:46  Overlord x2  
  100  6:47  Drone x5  
  100  6:48  Extractor  
  100  6:49  Extractor  
  100  6:53  Zergling x6  
  100  6:54  Zergling x2  
  106  6:58  Drone x4  
  106  6:59  Drone x2  
  112  7:01  Spore Crawler  
  112  7:03  Overlord x2  
  111  7:13  Infestor  
  111  7:15  Infestor x5  
  113  7:18  Burrow  
  113  7:20  Queen x2  
  113  7:21  Zerg Melee Weapons Level 1  
  127  7:23  Drone  
  127  7:25  Evolution Chamber  
  127  7:27  Infestor  
  129  7:35  Neural Parasite  
  129  7:40  Hatchery  
  129  7:43  Infestor  
  129  7:45  Queen  
  129  7:48  Infestor  
  133  7:55  Queen  
  133  7:56  Infestor  
  134  8:02  Zerg Ground Armor Level 1  
  134  8:07  Drone  
  134  8:08  Drone x9  
  134  8:10  Overlord x4  
  134  8:12  Extractor  
  143  8:24  Overlord x2  
  143  8:25  Zerg Flyer Armor Level 1  
  143  8:29  Zergling x2  
  143  8:30  Zergling x4  
  143  8:32  Zergling x10  
  143  8:33  Infestor  
  143  8:34  Infestor x2  
  153  8:37  Queen x2  
  161  8:41  Hive  
  161  8:42  Queen  
  161  8:43  Drone x3  
  161  8:44  Overlord  
  161  8:45  Drone x2, Extractor  
  161  8:46  Drone, Infestor  
  169  9:05  Overseer  
  168  9:12  Drone x3  
  168  9:14  Queen x2  
  168  9:15  Infestor  
  168  9:16  Infestor x2, Spore Crawler x3  
  178  9:20  Zerg Melee Weapons Level 2  
  178  9:21  Zerg Missile Weapons Level 2  
  178  9:23  Drone x2  
  178  9:24  Drone x3  
  183  9:26  Drone x5, Spore Crawler  
  183  9:27  Spore Crawler  
  183  9:28  Spore Crawler  
  183  9:29  Spore Crawler  
  184  9:50  Overlord x2  
  184  9:54  Overseer  
  184  9:57  Ultralisk Cavern  
  184  9:58  Zergling x12  
  188  10:05  Overlord  
  188  10:06  Overlord  
  186  10:15  Zergling x18  
  186  10:18  Zerg Ground Armor Level 2  
  194  10:26  Spore Crawler  
  193  10:32  Drone x3  
  193  10:34  Zerg Flyer Armor Level 2  
  196  10:39  Hatchery  
  195  10:45  Chitinous Plating  
  195  10:57  Ultralisk, Spire  
  183  11:06  Ultralisk x3  
  199  11:42  Zerg Missile Weapons Level 3, Zerg Melee Weapons Level 3  
  199  12:04  Anabolic Synthesis  
  199  12:07  Spore Crawler  
  199  12:08  Spore Crawler  
  197  12:10  Spore Crawler, Hatchery  
  195  12:18  Ultralisk, Spine Crawler x3  
  195  12:20  Spine Crawler  
  197  12:24  Spine Crawler  
  197  12:26  Spine Crawler  
  195  12:33  Spore Crawler  
  195  12:35  Ultralisk  
  200  12:38  Overseer x3  
  200  12:49  Zerg Flyer Weapons Level 1  
  200  13:02  Extractor  
  200  13:03  Spine Crawler x2  
  200  13:04  Spine Crawler  
  196  13:08  Spine Crawler  
  196  13:10  Spore Crawler, Spine Crawler  
  193  13:23  Spine Crawler  
  193  13:25  Spine Crawler  
  193  13:26  Spore Crawler  
  190  13:35  Drone x3  
  190  13:37  Extractor  
  192  13:43  Spine Crawler  
  192  13:44  Spine Crawler  
  192  13:45  Spine Crawler  
  189  13:51  Ultralisk  
  195  14:01  Drone x4  
  195  14:02  Drone  
  200  14:04  Zerg Flyer Armor Level 3  
  200  14:24  Spore Crawler  
  200  14:26  Spore Crawler  
  200  14:27  Spore Crawler  
  200  14:28  Zerg Ground Armor Level 3  
  197  14:35  Viper  
  200  14:43  Spine Crawler  
  199  14:49  Spine Crawler  
  199  14:50  Spine Crawler  
  199  14:53  Spore Crawler  
  199  14:54  Spore Crawler  
  199  14:56  Viper  
  200  15:05  Infestor x10  
  200  15:06  Infestor x7  
  200  15:26  Zerg Flyer Weapons Level 2  
  200  15:50  Hatchery  
  200  15:55  Spore Crawler x2  
  197  16:12  Infestor  
  197  16:14  Infestor x17  
  197  16:16  Drone x3  
  200  16:19  Infestor x17  
  200  16:54  Spore Crawler  
  197  17:37  Drone x3  
  200  18:18  Unknown  
  199  18:33  Spore Crawler x2  
  197  18:45  Viper  
  200  18:50  Spore Crawler  
  200  18:51  Spore Crawler x2  
  195  19:13  Drone  
  196  19:40  Hatchery  
  195  19:51  Infestor x2  
  195  19:54  Spore Crawler  
  195  19:56  Infestor  
  195  19:57  Infestor x2, Spore Crawler  
  199  20:06  Overseer  
  199  20:11  Spore Crawler  
  199  20:12  Spore Crawler  
  199  20:13  Spore Crawler  
  196  20:19  Hatchery  
  195  20:58  Drone  
  195  20:59  Drone x2  
  195  21:00  Infestation Pit  
  195  21:01  Greater Spire  
  197  21:11  Spore Crawler x2  
  195  21:21  Spore Crawler  
  195  21:22  Spore Crawler x2  
  192  21:27  Baneling Nest  
  189  21:34  Spire  
  186  21:47  Infestor x2  
  186  21:48  Infestor  
  186  21:50  Drone  
  193  22:05  Infestor x2  
  195  22:10  Centrifical Hooks  
  195  22:15  Spine Crawler  
  195  22:16  Spore Crawler  
  195  22:17  Spine Crawler x3  
  195  22:18  Drone  
  195  22:19  Drone x4  
  195  22:41  Spore Crawler  
  195  22:42  Spore Crawler  
  193  22:46  Infestor x13  
  193  22:51  Spore Crawler x2  
  191  23:05  Overseer x3  
  191  23:19  Overseer x3  
  191  23:32  Spore Crawler x2  
  189  23:34  Spine Crawler  
  189  23:35  Spine Crawler  
  189  23:36  Spore Crawler, Spine Crawler  
  189  23:37  Spore Crawler x2, Spine Crawler  
  189  23:38  Spore Crawler x2  
  189  23:39  Spore Crawler, Spine Crawler  
  178  23:44  Corruptor  
  178  23:45  Corruptor x10  
  200  23:48  Zerg Flyer Weapons Level 3  
  198  24:12  Infestor  
  198  24:57  Corruptor  
  198  25:27  Overseer x5  
  198  25:29  Drone x2  
  198  25:30  Spine Crawler  
  198  25:33  Spore Crawler  
  198  26:00  Corruptor  
  198  26:14  Corruptor  
  200  26:30  Corruptor  
  200  26:31  Corruptor x4  
  194  26:56  Corruptor x6  
  194  26:57  Corruptor x3  
  194  26:59  Extractor  
  194  27:01  Extractor  
  186  27:08  Brood Lord x11  
  196  27:15  Corruptor  
  196  27:16  Corruptor x2  
  182  27:22  Corruptor  
  182  27:23  Corruptor x8  
  194  27:38  Corruptor x3  
  200  28:06  Spore Crawler  
  200  28:11  Spore Crawler  
  200  28:12  Spore Crawler  
  197  28:13  Spore Crawler x2  
  197  28:17  Corruptor x2  
  199  28:54  Viper  
  200  29:06  Corruptor  
  192  29:33  Spore Crawler x3  
  192  29:37  Spore Crawler  
  166  29:42  Zergling x38  
  180  29:47  Brood Lord x4  
  184  29:54  Corruptor x3  
  184  29:55  Corruptor  
  191  30:02  Viper x2  
  194  30:11  Viper  
  197  30:18  Drone x3  
  197  30:23  Zergling x12  
  197  30:25  Spine Crawler  
  197  30:27  Spine Crawler  
  188  30:29  Spine Crawler x2  
  188  30:30  Spine Crawler x2  
  196  30:41  Zergling x2  
  196  30:42  Zergling x6  
Tags
 
Add a new tag
Caveats
  • Supply blocks, unpowered buildings, or Contaminate may cause inaccurate times.
  • Supply counts are checked every 10 seconds.